 Dungeon Crawl Stone Soup version 0.31-a0-344-gd109795599 (webtiles) character file.

Game seed: 8227548401204239015

5389 Sabo the Basher (level 10, -4/64 HPs)
             Began as a Gargoyle Monk on July 20, 2023.
             Was an Elder of Nemelex Xobeh.
             Slain by Psyche
             ... wielding a +2 dagger of distortion
              (14 damage)
             ... on level 9 of the Dungeon on July 21, 2023.
             The game lasted 00:58:52 (9996 turns).

Sabo the Basher (Gargoyle Monk)                     Turns: 9996, Time: 00:58:54

Health: -4/64      AC: 24    Str: 20    XL:     10   Next: 66%
Magic:  0/10       EV:  7    Int: 10    God:    Nemelex Xobeh [****..]
Gold:   567        SH:  0    Dex: 12    Spells: 9/9 levels left

rFire   . . .        s - +4 long sword (freeze)
rCold   . . .        d - orb {light}
rNeg    + . .        t - +0 plate armour
rPois   ∞            m - +0 helmet
rElec   +            l - +0 cloak
rCorr   .            b - +0 pair of gloves
SInv    .            (no boots)
Will    .....        I - amulet of guardian spirit Stlth
                     h - +4 ring of slaying
HPRegen 0.30/turn    (no ring)
MPRegen 0.12/turn

%: guardian spirit
@: glowing
A: sickness immunity, AC +7, negative energy resistance 1, electricity
resistance, torment resistance 1, petrification resistance
a: Renounce Religion, Draw Escape, Draw Destruction, Draw Summoning, Triple
Draw, Deal Four


You were on level 9 of the Dungeon.
You worshipped Nemelex Xobeh.
Nemelex Xobeh was greatly pleased with you.
You visited 2 branches of the dungeon, and saw 10 of its levels.
You also visited: Sewer.

You collected 589 gold pieces.
You spent 22 gold pieces at shops.

Inventory:

Hand Weapons
 j - a +0 orcbow
 q - the +4 mace "Xirih" {drain, rF+}
   (You found it on level 2 of the Dungeon)

   rF:        It protects you from fire.
 s - a +4 long sword of freezing (weapon)
 J - a +4 scimitar
Missiles
 e - 35 poisoned darts (quivered)
 B - 3 curare-tipped darts
 K - a throwing net
Armour
 b - a +0 pair of gloves (worn)
 d - an orb of light (worn)
 l - a +0 cloak (worn)
 m - a +0 helmet (worn)
 t - a +0 plate armour (worn)
 G - a +1 ring mail of fire resistance
Jewellery
 h - a +4 ring of slaying (left hand)
 I - an amulet of guardian spirit (around neck)
Wands
 n - a wand of flame (12)
 C - a wand of iceblast (3)
Scrolls
 a - a scroll of blinking {unknown}
 f - a scroll of brand weapon
 o - a scroll of immolation {unknown}
 v - a scroll of acquirement {unknown}
 w - a scroll of butterflies
 x - a scroll of enchant armour {unknown}
 y - 2 scrolls of revelation
 A - a scroll of vulnerability {unknown}
 E - a scroll of poison
Potions
 c - a potion of might {unknown}
 g - a potion of invisibility {unknown}
 i - 4 potions of heal wounds {unknown}
 k - a potion of haste {unknown}
 p - 3 potions of lignification {unknown}
 u - 2 potions of enlightenment {unknown}
 z - a potion of attraction {unknown}
 D - a potion of mutation {unknown}
 F - a potion of resistance {unknown}
 H - a potion of curing


   Skills:
 + Level 8.3 Fighting
 + Level 2.3 Long Blades
 + Level 4.7(7.3) Axes
 + Level 9.5(10.1) Maces & Flails
 + Level 0.1 Throwing
 + Level 7.9 Armour
 + Level 4.2 Dodging
 + Level 1.9 Stealth


You had 9 spell levels left.
You didn't know any spells.
Your spell library contained the following spells:

 Spells                   Type           Power      Damage    Failure   Level
 Hailstorm                Conj/Ice       0%         3d3       100%        3
 Anguish                  Hex/Necr       0%         N/A       100%        4
 Cause Fear               Hex            0%         N/A       100%        4
 Summon Ice Beast         Ice/Summ       0%         N/A       100%        4
 Simulacrum               Ice/Necr       0%         N/A       100%        6
 Enfeeble                 Hex            0%         N/A       100%        7


Dungeon Overview and Level Annotations

Branches:
Dungeon (9/15)             Temple (1/1) D:4           Sewer (visited)
   Lair: D:8-11         Orc: D:9-12

Altars:
Cheibriados
Dithmenos
Elyvilon
Fedhas
Gozag
Hepliaklqana
Kikubaaqudgha
Makhleb
Nemelex Xobeh
Okawaru
Qazlal
Ru
Sif Muna
Trog
Uskayaw
Vehumet
Wu Jian
Yredelemnul
Zin
The Shining One

Shops:
D:3 *

Annotations:
D:9 Psyche


Innate Abilities, Weirdness & Mutations

You are immune to sickness and miasma.
Your stone body is resilient. (AC +7)
You are immune to poison.
You resist negative energy. (rN+)
You are resistant to electric shocks. (rElec)
You are resistant to unholy torment.
You are immune to petrification.


Message History

You kill the orc warrior!
Things that are here:
a +0 mace; a +0 chain mail You start resting.
An orc comes into view. It is wielding a +0 hand axe.
The orc shouts!
Things that are here:
a +0 mace; a +0 chain mail The orc hits you but does no damage.
You barely miss the orc. The orc completely misses you.
The orc hits you but does no damage.
An orc wizard comes into view. It is wielding a +0 hand axe.
The orc wizard shouts!
You slash the orc! You freeze the orc.
You kill the orc!
You hear a shout!
The orc wizard gestures at you while chanting.
You easily resist.
Psyche the Insane Magess comes into view.
She is wielding a +2 dagger of distortion and wearing a +2 robe of positive energy.
Items here: )) [ †.
The orc wizard casts a spell at you.
The magic dart hits you but does no damage.
Psyche looks braver for a moment.
Items here: )) [ †.
You slash Psyche! You freeze Psyche.
Psyche is moderately wounded.
Psyche hits you with a +2 dagger of distortion.
You slash Psyche! You freeze Psyche.
Psyche is severely wounded.
Psyche hits you with a +2 dagger of distortion.
Psyche hits you but does no damage. Space warps horribly around you!
* * * LOW HITPOINT WARNING * * *
You hit Psyche. You freeze Psyche.
Psyche is severely wounded.
Psyche looks satisfied for a moment.
Psyche hits you with a +2 dagger of distortion.
* * * LOW HITPOINT WARNING * * *
Space warps horribly around you!
You die...
Your body disappears without additional glow.

*,,**,,,,,,,,,,,,,* *,*
*, *,*******,,,,,,,,.#
*,* *, *,* *,,,,∩,,,.#
*,*******, *,*
*,,,,,,,,.##**,,,,,,,,,
*,*
*,*,,,,,,..,,,,,*******
***,* *,*******.###****
*,,,* *,* ##...## *,***
#.######..#,.# *,*
#.....@@o###.# *,*
########..#..# *,*
##...#* *,* #...## *,*
#.#.# *** *,* #.#.#
**,* *,* ##.#.# *,*,
*,* ##....# **,* *,*
###.....#### *,,,


You could see Psyche and an orc wizard.

Vanquished Creatures
  A two-headed ogre (D:8)
  Grinder (D:3)
  Sigmund (D:3)
  3 yaks (D:9)
  An acid dragon (D:9)
  A water moccasin (D:8)
  3 sky beasts (D:7)
  2 orc warriors
  2 ice beasts
  5 centaurs
  9 kobold brigands
  2 bullfrogs
  3 scorpions
  8 wights (D:8)
  11 killer bees
  A howler monkey (D:8)
  A hound (D:5)
  2 jellies
  2 gnoll boudas
  3 orc priests (D:5)
  3 iguanas
  Terence (D:2)
  4 orc wizards
  Robin (D:2)
  15 gnolls
  11 adders
  3 river rats (Sewer)
  A shadow imp (D:5)
  4 white imps
  A worm (D:2)
  2 dart slugs
  18 orcs
  12 ball pythons
  6 bats
  7 endoplasms
  8 giant cockroaches
  12 goblins
  8 hobgoblins
  5 jackals
  7 quokkas
  3 frilled lizards (Sewer)
  33 kobolds
  5 rats
232 creatures vanquished.

Vanquished Creatures (others)
  A kobold (D:6)
1 creature vanquished.

Grand Total: 233 creatures vanquished

Notes
Turn   | Place    | Note
-------+----------+-------------------------------------------
     0 | D:1      | Sabo the Gargoyle Monk began the quest for the Orb.
     0 | D:1      | Reached XP level 1. HP: 14/14 MP: 1/1
   220 | D:1      | Reached XP level 2. HP: 19/19 MP: 2/2
   608 | D:1      | Upgraded the game from 0.31-a0-331-geda263fcf1 to
                  | 0.31-a0-339-gda1cbd555d
   910 | D:2      | Reached XP level 3. HP: 17/24 MP: 3/3
   922 | D:2      | Noticed Robin
   939 | D:2      | Killed Robin
   943 | D:2      | Reached XP level 4. HP: 18/29 MP: 4/4
  1048 | D:2      | Noticed Terence
  1072 | D:2      | Killed Terence
  1138 | D:2      | Found a faded altar of an unknown god.
  1483 | D:2      | Identified the +4 mace "Xirih" {drain, rF+}
  1696 | D:3      | Reached XP level 5. HP: 34/34 MP: 5/5
  1834 | D:3      | Noticed Sigmund
  1855 | D:3      | Killed Sigmund
  1856 | D:3      | Reached XP level 6. HP: 15/40 MP: 6/6
  2104 | D:3      | Noticed Grinder
  2111 | D:3      | Paralysed by Grinder for 4 turns
  2118 | D:3      | Paralysed by Grinder for 2 turns
  2136 | D:3      | Killed Grinder
  2137 | D:3      | Reached skill level 5 in Fighting
  2137 | D:3      | Reached skill level 1 in Maces & Flails
  2137 | D:3      | Reached skill level 1 in Armour
  2137 | D:3      | Reached XP level 7. HP: 25/44 MP: 7/7
  2331 | D:3      | Found Camapp's General Store.
  2355 | D:3      | Bought a scroll of identify for 22 gold pieces
  2977 | D:4      | Reached skill level 2 in Maces & Flails
  3087 | D:4      | Found a staircase to the Ecumenical Temple.
  3113 | Temple   | Entered the Ecumenical Temple
  3194 | Temple   | Upgraded the game from 0.31-a0-339-gda1cbd555d to
                  | 0.31-a0-344-gd109795599
  3549 | D:4      | HP: 2/44 [iguana (6)]
  3731 | D:4      | Found a white marble altar of Elyvilon.
  3807 | D:4      | Reached skill level 3 in Maces & Flails
  3927 | D:4      | Found a basalt altar of Yredelemnul.
  4244 | Temple   | Became a worshipper of Nemelex Xobeh the Trickster
  4244 | Temple   | Reached * piety under Nemelex Xobeh
  4244 | Temple   | Received a gift from Nemelex Xobeh
  4244 | Temple   | Reached ** piety under Nemelex Xobeh
  4288 | D:5      | Entered Level 5 of the Dungeon
  4290 | D:5      | Received a gift from Nemelex Xobeh
  4407 | D:5      | Identified the +0 robe "Uleino" {rN+ Str+3}
  4439 | D:5      | Found an opulent altar of Gozag.
  4439 | D:5      | Found a glowing silver altar of Zin.
  4605 | D:5      | You fall into a shaft and drop 3 floors!
  4628 | D:8      | Reached XP level 8. HP: 41/51 MP: 8/8
  4855 | D:6      | Received a gift from Nemelex Xobeh
  4934 | D:6      | Found a glowing drain.
  4960 | Sewer    | Entered a sewer
  5298 | Sewer    | Reached skill level 4 in Maces & Flails
  5886 | D:5      | Found a stormy altar of Qazlal.
  5950 | D:5      | Found an iron altar of Okawaru.
  5999 | D:5      | Reached skill level 5 in Armour
  6387 | D:6      | Reached skill level 5 in Maces & Flails
  6565 | D:6      | Reached *** piety under Nemelex Xobeh
  7030 | D:6      | Received a gift from Nemelex Xobeh
  7422 | D:7      | Reached skill level 1 in Stealth
  7422 | D:7      | Reached XP level 9. HP: 56/56 MP: 9/9
  7658 | D:7      | Reached skill level 6 in Maces & Flails
  7972 | D:7      | Received a gift from Nemelex Xobeh
  7975 | D:7      | Reached skill level 7 in Maces & Flails
  8540 | D:7      | Reached skill level 8 in Maces & Flails
  8768 | D:8      | Reached **** piety under Nemelex Xobeh
  8832 | D:8      | Reached XP level 10. HP: 47/63 MP: 10/10
  8947 | D:8      | Received a gift from Nemelex Xobeh
  8953 | D:8      | Noticed a two-headed ogre
  8959 | D:8      | Killed a two-headed ogre
  8960 | D:8      | Reached skill level 9 in Maces & Flails
  9835 | D:9      | Reached skill level 1 in Long Blades
  9991 | D:9      | Noticed Psyche
  9996 | D:9      | Slain by Psyche

Illustrated notes

Levels and vault maps discovered:
D:1:      tarquinn_simple_flora_water_c, layout_loops_ring, serial_bayou,
          serial_bayou_lagoon_b, serial_bayou_pond_a, serial_bayou_shore_b,
          serial_bayou_pond_e
D:2:      layout_rooms, hellmonk_ecumenical_altar_leap_of_faith, uniq_terence,
          uniq_robin
D:3:      layout_basic, serial_shops, shop, due_unseen_surprise, uniq_grinder,
          uniq_sigmund
D:4:      layout_basic, kennysheep_ying_yang, minmay_temple_entry_tees,
          serial_glass, glass_columns_b, glass_columns_a,
          nicolae_twisty_statue_hallways
D:5:      layout_rooms, grunt_temple_overflow_gold_and_silver,
          marbit_many_paths, mainiacjoe_overflow_six_doors_small,
          hangedman_decor_points
D:6:      cheibrodos_thug_alley, layout_loops_corners, gup_sewer_entry_pipe,
          kennysheep_decorative_pillar
D:7:      layout_loops_corners, minmay_quadrilaterals
D:8:      layout_loops_ring, st_stairs_3
D:9:      layout_loops_ring, enter_bailey_2, uniq_grum, uniq_psyche, uniq_maggie
Temple:   nicolae_temple_ecumenical_triangle

Skill      XL: |  1  2  3  4  5  6  7  8  9 10 |
---------------+-------------------------------+-----
Axes           | 3 4 |  4.7
Fighting       | 4 5 6 7 8 |  8.3
Dodging        | 3 4 |  4.2
Maces & Flails | 1 3 5 8 9 |  9.5
Armour         | 1 3 5 6 7 |  7.9
Stealth        | 1 |  1.9
Long Blades    | 2 |  2.3
Throwing       | |  0.1

Action                     |  1- 3 |  4- 6 |  7- 9 | 10-12 || total
---------------------------+-------+-------+-------+-------++-------
  Melee: Hand axe          |    85 |    40 |       |       ||   125
         Mace              |       |    32 |   403 |    17 ||   452
         Long sword        |       |       |       |    74 ||    74
  Throw: Dart              |       |     1 |       |       ||     1
    Use: Scroll            |       |     3 |     5 |     2 ||    10
         Potion            |       |       |     4 |       ||     4
 Armour: Robe              |    37 |     1 |       |       ||    38
         Scale mail        |       |    16 |       |       ||    16
         Animal skin       |       |     9 |       |       ||     9
         Plate armour      |       |    12 |   372 |    81 ||   465
  Dodge: Dodged            |    81 |    34 |   160 |    53 ||   328

Table legend: (Time is in decaauts)
 A = Elapsed time spent in this place.
 B = Non-inter-level travel time spent in this place.
 C = Inter-level travel time spent in this place.
 D = Time resting spent in this place.
 E = Time spent auto-exploring this place.
 F = Levels seen in this place.
 G = Mean time per level.
                   A        B        C        D        E       F      G
               +--------+--------+--------+--------+--------+-----+--------+
         Total |  10313 |  10313 |      0 |   1613 |      0 |  11 |  937.5 |
       Dungeon |   9254 |   9254 |      0 |   1568 |      0 |   9 | 1028.2 |
        Temple |    277 |    277 |      0 |      0 |      0 |   1 |  277.0 |
         Sewer |    782 |    782 |      0 |     45 |      0 |   1 |  782.0 |
               +--------+--------+--------+--------+--------+-----+--------+

Top non-repeatable levels by time:
     D:7: 1583 daAuts
     D:6: 1400 daAuts
     D:3: 1268 daAuts
     D:4: 1126 daAuts
     D:8: 1044 daAuts
     D:1: 911 daAuts
     D:5: 891 daAuts
   Sewer: 782 daAuts
     D:2: 777 daAuts
  Temple: 277 daAuts
     D:9: 250 daAuts
